 Dungeon Crawl Stone Soup version 0.32-a0-791-gfc315c9ecd (webtiles) character file.

Game seed: 162339952205572519

1602695 NormalPerson7 the Black Sun (level 26, 231/231 (234) HPs)
             Began as a Vampire Necromancer on Mar 18, 2024.
             Was a High Priest of Kikubaaqudgha.
             Escaped with the Orb
             ... and 3 runes on Mar 20, 2024!
             The game lasted 06:12:32 (77272 turns).

NormalPerson7 the Black Sun (Vampire Necromancer)  Turns: 77272, Time: 06:12:32

HP:   231/231 (234) AC: 33    Str:  9 (11) XL:     26   Next: 86%
MP:   39/39         EV: 22    Int: 30      God:    Kikubaaqudgha [*****.]
Gold: 6576          SH: 17    Dex: 16      Spells: 6/49 levels left

rFire   + + .        b - +9 demon trident (freeze)
rCold   + . .        i - +6 buckler of the Bespelling Gods {rC+}
rNeg    + + .        U - +7 swamp dragon scales
rPois   +            S - +2 helmet {Int+3}
rElec   +            y - +4 dragonskin cloak {Aegis}
rCorr   .            R - +2 pair of gloves of Sif Muna's Displeasure {rF+ Will+ Regen+ Int-4}
SInv    +            e - +1 pair of boots of Summer {rPois rN++}
Will    ++++.        s - amulet "Umouhu" {Reflect rElec Str+2 SH+5 Stlth-}
Stlth   +            E - +5 ring of evasion
HPRegen 1.58/turn    W - ring "Qekh" {*Corrode Will+ Int+7}
MPRegen 0.26/turn

%: corrode self (3%), reflection
@: healing quickly, studying Axes, lightly drained
A: alive, fangs 3, see invisible, vampiric 2, hooves 1, dopey 1, fire resistance
1
0: Orb of Zot
}: 3/15 runes: decaying, silver, gossamer
a: Exsanguinate, Renounce Religion, Unearth Wretches, Torment


You escaped.
You worshipped Kikubaaqudgha.
Kikubaaqudgha was extremely pleased with you.
You visited 10 branches of the dungeon, and saw 50 of its levels.
You also visited: Gauntlet and Wizlab.

You collected 8160 gold pieces.
You spent 1584 gold pieces at shops.

Inventory:

Hand Weapons
 a - a +9 vampiric demon trident
 b - a +9 demon trident of freezing (weapon)
Missiles
 g - 6 throwing nets {!f}
 k - 9 curare-tipped darts (quivered)
 I - 3 darts of dispersal
Armour
 e - the +1 pair of boots of Summer (worn) {rPois rN++}
   (You found it in a Gauntlet)

   rPois:     It protects you from poison.
   rN++:      It greatly protects you from negative energy.
 i - the +6 buckler of the Bespelling Gods (worn) {rC+}
   (You acquired it on level 7 of the Dungeon)

   rC+:       It protects you from cold.
 y - the +4 dragonskin cloak (worn) {Aegis}
   (You took it off Tiamat on level 3 of the Realm of Zot)

   Avatar's Aegis: It grants the wearer a chance to resist fire, cold, poison,
   electricity, acid, and negative energy.
 R - the +2 pair of gloves of Sif Muna's Displeasure (worn) {rF+ Will+ Regen+ Int-4}
   (You found it on level 12 of the Dungeon)

   Int-4:     It affects your intelligence (-4).
   rF+:       It protects you from fire.
   Will+:     It increases your willpower.
   Regen+:    It increases your rate of health regeneration.
 S - a +2 helmet of intelligence (worn)
 U - +7 swamp dragon scales (worn)
Jewellery
 s - the amulet "Umouhu" (around neck) {Reflect rElec Str+2 SH+5 Stlth-}
   (You acquired it in a wizard's laboratory)

   [amulet of reflection]

   Reflect:   It reflects blocked missile attacks.
   Str+2:     It affects your strength (+2).
   rElec:     It insulates you from electricity.
   SH+5:      It affects your SH (+5).
   Stlth-:    It makes you less stealthy.
 E - a +5 ring of evasion (left hand)
 F - a ring of protection from fire
 G - a ring of resist corrosion
 W - the ring "Qekh" (right hand) {*Corrode Will+ Int+7}
   (You acquired it on level 7 of the Dungeon)

   [ring of willpower]

   Int+7:     It affects your intelligence (+7).
   Will+:     It increases your willpower.
   *Corrode:  It may corrode you when you take damage.
Wands
 d - a wand of roots (52)
 o - a wand of digging (17)
 v - a wand of quicksilver (6)
 A - a wand of polymorph (21)
 J - a wand of charming (32)
 Y - a wand of mindburst (44)
Scrolls
 n - 6 scrolls of vulnerability
 p - 7 scrolls of poison
 t - 12 scrolls of teleportation
 w - 7 scrolls of fog
 x - 8 scrolls of blinking
 B - 5 scrolls of fear
 M - 3 scrolls of butterflies {!r}
 O - 2 scrolls of silence
 P - 4 scrolls of torment
 Q - 8 scrolls of revelation
 T - 9 scrolls of immolation
Potions
 c - 35 potions of curing
 f - 9 potions of haste
 h - 8 potions of heal wounds
 j - 8 potions of mutation
 l - 5 potions of cancellation
 q - 7 potions of enlightenment
 r - 6 potions of invisibility
 u - 8 potions of lignification
 z - a potion of magic
 D - 4 potions of might
 H - 10 potions of ambrosia
 K - 8 potions of berserk rage
 L - 6 potions of brilliance
 V - 3 potions of resistance
Miscellaneous
 m - a phial of floods
 C - a tin of tremorstones (2/2)
 N - a sack of spiders
 X - a phantom mirror
 Z - a lightning rod (4/4)


   Skills:
 + Level 24.8 Fighting
 - Level 14.0 Polearms
 - Level 14.0 Armour
 - Level 18.0 Dodging
 - Level 4.0 Stealth
 - Level 9.0 Shields
 - Level 12.0 Spellcasting
 - Level 14.0 Summonings
 - Level 25.0 Necromancy
 - Level 3.0 Translocations
 - Level 7.0 Earth Magic
 - Level 10.0 Evocations


You had 6 spell levels left.
You knew the following spells:

 Your Spells              Type           Power      Damage    Failure   Level
f - Fugue of the Fallen   Necr           100%       N/A       0%          3
h - Haunt                 Necr/Summ      47%        N/A       2%          7
i - Infestation           Necr           53%        N/A       1%          8
k - Martyr's Knell        Necr/Summ      94%        N/A       1%          4
u - Dispel Undead         Necr           100%       3d31      0%          4
v - Borgnjor's Vile Clut  Necr/Erth      42%        N/A       1%          5
C - Death Channel         Necr           53%        N/A       1%          6
Q - Animate Dead          Necr           100%       N/A       0%          4
X - Blink                 Tloc           72%        N/A       3%          2

Your spell library contained the following spells:

 Spells                   Type           Power      Damage    Failure   Level
 Necrotise                Necr           100%       1d9       0%          1
 Sublimation of Blood     Necr           100%       N/A       0%          2
 Vampiric Draining        Necr           100%       2d13      0%          3
 Curse of Agony           Necr           100%       N/A       0%          5
 Kiss of Death            Conj/Necr      100%       2d13      1%          1
 Summon Small Mammal      Summ           100%       N/A       1%          1
 Call Imp                 Summ           100%       N/A       1%          2
 Cigotuvi's Dreadful Rot  Necr/Alch/Air  100%       N/A       1%          2
 Summon Ice Beast         Ice/Summ       56%        N/A       1%          3
 Anguish                  Hex/Necr       37%        N/A       1%          4
 Animate Armour           Summ/Erth      100%       N/A       1%          4
 Lesser Beckoning         Tloc           72%        N/A       3%          2
 Summon Cactus Giant      Summ           40%        N/A       3%          6
 Summon Blazeheart Golem  Fire/Summ      56%        N/A       4%          4
 Summon Lightning Spire   Summ/Air       56%        N/A       4%          4
 Stone Arrow              Conj/Erth      78%        3d11      5%          3
 Gell's Gravitas          Tloc           36%        N/A       7%          3
 Teleport Other           Tloc           36%        N/A       7%          3
 Summon Forest            Summ/Tloc      31%        N/A       7%          5
 Foxfire                  Conj/Fire      72%        2x1d7     8%          1
 Freeze                   Ice            72%        1d8       8%          1
 Shock                    Conj/Air       72%        1d7       8%          1
 Slow                     Hex            72%        N/A       8%          1
 Jinxbite                 Hex            36%        N/A       12%         2
 Mercury Vapours          Alch/Air       36%        N/A       12%         2
 Static Discharge         Conj/Air       36%        3-5/arc   12%         2
 Lee's Rapid Deconstruct  Erth           28%        3d15*     12%         5
 Summon Mana Viper        Hex/Summ       56%        N/A       12%         5
 Brom's Barrelling Bould  Conj/Erth      39%        2d6       19%         4
 Leda's Liquefaction      Alch/Erth      19%        N/A       19%         4
 Petrify                  Alch/Erth      39%        N/A       19%         4
 Manifold Assault         Tloc           36%        N/A       22%         4
 Passage of Golubria      Tloc           36%        N/A       22%         4
 Confusing Touch          Hex            18%        N/A       24%         3
 Dazzling Flash           Conj/Hex       36%        N/A       24%         3
 Frozen Ramparts          Ice            36%        1d6       24%         3
 Hailstorm                Conj/Ice       18%        3d7       24%         3
 Inner Flame              Hex/Fire       18%        N/A       24%         3
 Mephitic Cloud           Conj/Alch/Air  18%        N/A       24%         3
 Ozocubu's Armour         Ice            18%        N/A       24%         3
 Swiftness                Air            18%        N/A       24%         3
 Tukima's Dance           Hex            18%        N/A       24%         3
 Iskenderun's Mystic Bla  Conj/Tloc      27%        2d7       38%         4
 Vhi's Electric Charge    Tloc/Air       54%        N/A       38%         4
 Airstrike                Air            9%         2d(2-18)  61%         4
 Olgreb's Toxic Radiance  Alch           18%        N/A       61%         4
 Alistair's Intoxication  Alch           12%        N/A       91%         5
 Arcjolt                  Conj/Air       9%         1d19      91%         5
 Fireball                 Conj/Fire      9%         3d6       91%         5
 Freezing Cloud           Conj/Ice/Air   9%         6-21      91%         5
 Irradiate                Conj/Alch      9%         3d14      91%         5
 Iskenderun's Battlesphe  Conj           18%        2d7       91%         5
 Metabolic Englaciation   Hex/Ice        9%         N/A       91%         5
 Silence                  Hex/Air        9%         N/A       91%         5
 Yara's Violent Unravell  Hex/Alch       9%         3d6       91%         5
 Permafrost Eruption      Ice/Erth       19%        2x4d6     96%         6
 Dispersal                Tloc           18%        N/A       98%         6
 Conjure Ball Lightning   Conj/Air       9%         3x3d6     100%        6
 Eringya's Noxious Bog    Alch           9%         4d6       100%        6
 Plasma Beam              Fire/Air       9%         2x1d19    100%        6
 Sculpt Simulacrum        Ice/Alch       9%         N/A       100%        6
 Starburst                Conj/Fire      9%         6d5       100%        6
 Monstrous Menagerie      Summ           40%        N/A       22%         7
 Summon Hydra             Summ           40%        N/A       22%         7
 Spellforged Servitor     Conj/Summ      28%        N/A       98%         7
 Enfeeble                 Hex            9%         N/A       100%        7
 Orb of Destruction       Conj           9%         9d6       100%        7
 Ozocubu's Refrigeration  Ice            9%         4d9       100%        7
 Discord                  Hex            9%         N/A       100%        8
 Disjunction              Tloc           18%        N/A       100%        8
 Ignition                 Fire           9%         3d5       100%        8
 Maxwell's Capacitive Co  Air            9%         ∞         100%        8
 Chain Lightning          Conj/Air       9%         3d12      100%        9
 Dragon's Call            Summ           40%        N/A       100%        9
 Fire Storm               Conj/Fire      9%         8d2       100%        9
 Shatter                  Erth           28%        3d23*     100%        9


Dungeon Overview and Level Annotations

Branches:
Dungeon (15/15)            Temple (0/1) D:4            Lair (5/5) D:10
  Swamp (4/4) Lair:2       Spider (4/4) Lair:2          Orc (2/2) D:9
    Elf (3/3) Orc:2        Vaults (5/5) D:14          Crypt (3/3) Vaults:3
   Tomb (0/3) Crypt:3      Depths (4/4) D:15            Zot (5/5) Depths:4
 WizLab (visited)         Gauntlet (visited)
  Slime: Lair:4-5

Altars:
Ashenzari
Fedhas
Gozag
Hepliaklqana
Kikubaaqudgha
Okawaru
Sif Muna
Uskayaw
Vehumet
Wu Jian
Xom
Yredelemnul
Beogh
Jiyva

Shops:
D:7 ?   D:11 =   Orc:1 *   Orc:2 =([*   Elf:2 (   Vaults:4 [   Vaults:5 *

Portals:
Hell: Depths:1 Depths:2 Depths:3 Depths:4
Abyss: Depths:1 Depths:3
Pandemonium: Depths:2
Ziggurat: Depths:2

Annotations:
D:6 1 runed translucent door, 1 exclusion
D:10 exclusion: 2 water elementals
D:11 2 transporters, Nattfarinn's ghost, journeyman MDNe
Lair:4 exclusion: 2 oklob plants
Vaults:1 3 runed translucent doors, exclusion: 3 doors
Crypt:1 3 runed translucent doors, exclusion: 3 doors, Amauri's ghost, veteran OnAl
Depths:1 2 transporters, exclusion: orange crystal statue, DeathSun's ghost, adept MiFi; Etzesk's ghost, veteran TeGl
Depths:2 exclusions: 2 angels, daeva and 2 more exclusions


Innate Abilities, Weirdness & Mutations

Your natural rate of healing is accelerated.
You have razor-sharp teeth.
You have supernaturally acute eyesight. (SInv)
You are afflicted with vampirism and can become a bat while bloodless.
You have large cloven feet.
You are dopey. (Int -2)
Your flesh is heat resistant. (rF+)


Message History

The zombie hands constrict the demonspawn warmonger.
The zombie hands constrict the demonspawn blood saint.
The demonspawn warmonger struggles to escape constriction.
The demonspawn blood saint struggles to escape constriction.
The demonspawn blood saint calls on the powers of chaos!
The demonspawn warmonger seems to grow stronger.
The reaper suddenly seems more agile.
The demonspawn warmonger struggles to escape constriction.
You regain access to your magic.
The zombie hands constrict the demonspawn warmonger, but do no damage.
The zombie hands constrict the demonspawn blood saint.
The demonspawn blood saint escapes!
The demonspawn warmonger struggles to escape constriction.
The zombie hands constrict the demonspawn warmonger!
The demonspawn warmonger struggles to escape constriction.
The demonspawn warmonger escapes!
There is a stone staircase leading up here.
The demonspawn warmonger calls down the wrath of its god upon you.
Your magic feels more tainted.
You climb upwards.
There is a stone staircase leading down here.
Unknown command.
(D) Dungeon (T) Temple (L) Lair (S) Swamp (N) Spider Nest (O) Orcish Mines (E) Elven Halls (V) Vaults (C) Crypt (W) Tomb (U) Depths (H) Hell (Z) Zot
Where to? (Tab/Enter - D:1 @ (x,y), ? - help) HP restored.
Things that are here:
a +0 dagger; a goblin skeleton You see here a +0 whip.
You see here a +0 club.
You are no longer corroded.
Magic restored.
There is a stone staircase leading down here.
There is an escape hatch in the floor here.
There is a stone staircase leading down here.
Your magic seems less tainted.
There is a staircase leading out of the dungeon here.
You have escaped!

...## #.#####.............##
.#..##########.......#######.....
..........##......###.......###.)
.##########....###.............##
..# ####...#......#######.....
.## ##.#...#.....### ###... ..#
#.##...#....## ##.. .##
#.##...#....## ##.. ..#
#.##...#..@..### ###... .##
#..##...#......#######..... ..#
#.#.#....###.............## .##
#.####......###.......###.. .#
#.# ###.......#######..... .# #.#
#####......†......## .# #.#
############### .# #.# #..#
#.#.#### .# #.#
#####..#####.#....#


There were no monsters in sight!

Vanquished Creatures
  An orb of fire (Zot:5)
  An ancient lich (Zot:5)
  The ghost of ongoing the Slayer, a veteran MDFi of Okawaru (Depths:2)
  4 Killer Klowns (Zot:5)
  7 golden dragons
  6 curse toes
  2 bone dragons
  An electric golem (Zot:1)
  2 doom hounds (Zot:1)
  Rupert (D:15)
  Mlioglotl (Swamp:2)
  7 Orb Guardians (Zot:5)
  Jorgrun (Orc:2)
  12 tentacled monstrosities
  2 deep elf master archers (Elf:3)
  2 liches
  4 quicksilver dragons
  The ghost of ilii the Warrior, an adept MDFi of Qazlal (Spider:4)
  Grunn (Zot:1)
  A sphinx (Vaults:5)
  The ghost of Peot the Tortoise, an adept MiFi of Makhleb (Swamp:2)
  3 titans
  Frances (Swamp:2)
  Kirke (D:13)
  6 shadow dragons
  10 death cobs
  A thorn hunter (Swamp:4)
  2 ancient champions
  3 tengu reavers
  3 draconian knights (Zot:3)
  7 storm dragons
  4 revenants
  8 draconian monks
  An azure jelly (Vaults:1)
  A balrug (D:5)
  2 draconian shifters
  4 fire giants
  6 frost giants
  4 vault wardens
  3 deep elf sorcerers (Elf:3)
  A curse skull (Crypt:3)
  8 ghost moths
  2 demonspawn corrupters (WizLab)
  A deep elf elementalist (Elf:3)
  An emperor scorpion (Spider:3)
  2 draconian scorchers (Zot:1)
  A juggernaut zombie (Crypt:3)
  An orc warlord (Orc:2)
  7 ironbound preservers
  3 draconian stormcallers
  5 ghouls
  2 draconian annihilators (Zot:1)
  5 very ugly things
  A broodmother (Spider:4)
  A vampire knight (Crypt:1)
  7 stone giants
  2 deep elf demonologists
  6 black draconians
  5 green draconians
  A minotaur (Gauntlet)
  A deep elf death mage (Elf:1)
  6 white draconians
  2 ironbound thunderhulks (Vaults:3)
  5 spark wasps
  A deep elf annihilator (Elf:3)
  3 dire elephants (Vaults:2)
  2 eleionomae
  9 purple draconians
  Azrael (Spider:1)
  11 yellow draconians
  A war gargoyle (Vaults:5)
  8 red draconians
  10 eidola
  7 ettins
  A mummy priest (Crypt:2)
  4 yaktaur captains
  2 deep elf high priests
  2 fire dragons
  6 jiangshi
  31 vault guards
  An ice dragon (shapeshifter) (Vaults:5)
  A quicksilver dragon skeleton (Crypt:2)
  3 rakshasas
  3 spriggan air magi
  4 ice dragons
  2 ghost crabs
  A spriggan zombie (Crypt:3)
  A peacekeeper (Vaults:2)
  4 ogre magi
  A radroach (Spider:1)
  5 alligators
  A jorogumo (Spider:1)
  2 death knights
  7 hydras (Swamp:4)
  11 centaur warriors
  8 dancing weapons
  2 merfolk aquamancers (WizLab)
  3 deep troll earth magi
  6 two-headed ogres
  3 boulder beetles
  2 catoblepae
  5 vampire magi
  2 deep troll shamans (Depths:1)
  4 death yaks
  3 tengu warriors
  2 death scarabs
  2 demonic crawlers (Spider:3)
  8 deep elf knights
  A spriggan berserker (Depths:2)
  2 hell knights (Crypt:2)
  A shock serpent (Vaults:3)
  A storm dragon zombie (D:15)
  A soul eater (Depths:2)
  3 sun demons
  17 skeletal warriors
  2 iron trolls
  3 pharaoh ants
  A salamander mystic (Depths:2)
  A skyshark (Lair:4)
  15 deep trolls
  2 shadow wraiths (Crypt:2)
  4 orb spiders
  A spark wasp zombie (D:15)
  A swamp dragon (shapeshifter) (Vaults:3)
  4 swamp dragons
  A sea snake (shapeshifter) (Vaults:5)
  3 arcanists
  8 flayed ghosts
  5 thermic dynamos
  A bog body (Crypt:2)
  2 harpies (shapeshifter) (D:14)
  6 deep elf archers
  A lindwurm (Vaults:1)
  3 harpies (Vaults:1)
  A spriggan druid (WizLab)
  2 steelbarb worms
  An orb spider (shapeshifter) (Vaults:5)
  12 deep elf pyromancers
  6 necromancers
  A stone giant zombie (Crypt:3)
  A nameless horror (Vaults:4)
  The ghost of GeoRichter the Arsonist, a novice MDFE of Cheibriados (D:7)
  6 ironbound convokers
  14 phantasmal warriors
  7 deep elf zephyrmancers
  6 orc knights
  9 wolf spiders
  16 ugly things
  7 cyclopes
  19 moths of wrath
  An orc sorcerer (Orc:2)
  3 will-o-the-wisps
  2 shining eyes (Zot:3)
  A worldbinder (WizLab)
  4 elephants
  3 manticores
  5 kobold blastminers
  4 vault sentinels
  2 black mambas
  A dire elephant zombie (Crypt:3)
  A rust devil (Depths:1)
  A guardian serpent (shapeshifter) (Vaults:5)
  7 cane toads
  A torpor snail (Spider:4)
  2 gargoyles (D:12)
  12 yaktaurs
  An efreet (D:14)
  2 large abominations (Elf:1)
  A rime drake (Lair:1)
  6 komodo dragons
  3 freezing wraiths
  A sea snake skeleton (Crypt:1)
  3 tengu conjurers
  6 tyrant leeches
  A golden dragon simulacrum (Depths:3)
  A grey draconian skeleton (Crypt:2)
  A guardian mummy (Crypt:2)
  7 trolls
  A tarantella (shapeshifter) (D:14)
  A spectral elephant (Lair:2)
  11 tarantellas
  5 hornets
  A merfolk zombie (Crypt:1)
  A glass eye (Vaults:1)
  A dream sheep (shapeshifter) (Vaults:5)
  A spectral dream sheep (Gauntlet)
  Sigmund (D:6)
  A black mamba zombie (Crypt:1)
  A fire dragon skeleton (Crypt:2)
  13 slime creatures
  7 jumping spiders
  2 shadows
  3 water elementals
  A guardian serpent skeleton (Crypt:2)
  4 spriggans
  A wyvern (Lair:4)
  2 vampires (D:12)
  9 culicivoras
  3 wraiths
  2 ushabtiu (Crypt:2)
  2 basilisks
  A fire elemental (Spider:1)
  3 hogs (D:13)
  3 humans (D:14)
  4 wargs
  3 steam dragons
  33 yaks
  20 redbacks
  13 vampire mosquitoes
  A glowing shapeshifter zombie (Vaults:5)
  6 swamp worms
  11 water moccasins
  Duvessa (D:7)
  2 hell hounds (Spider:1)
  A hydra simulacrum (Vaults:1)
  A sky beast (D:8)
  24 orc warriors
  A black bear (D:8)
  A swamp drake (Swamp:1)
  11 laughing skulls
  13 ogres
  An elephant skeleton (Crypt:2)
  7 wolves
  A dream sheep skeleton (Crypt:2)
  17 centaurs
  A phantom (D:5)
  3 kobold brigands
  A gnoll sergeant (D:6)
  A spectral wyvern (Lair:2)
  15 bullfrogs
  A bullfrog (shapeshifter) (Vaults:5)
  3 scorpions
  2 deep troll simulacra (Vaults:1)
  An elf skeleton (Crypt:2)
  5 wyvern skeletons (Crypt:3)
  19 wights
  5 killer bees
  2 howler monkeys (D:11)
  An electric eel (D:9)
  A shapeshifter skeleton (Crypt:1)
  A jelly (D:7)
  8 orc priests
  4 bombardier beetles
  4 hounds
  5 iguanas
  24 orc wizards
  3 hell rats (Lair:1)
  8 gnolls
  7 adders
  10 river rats (Lair:1)
  A shadow imp (D:7)
  3 white imps
  4 dart slugs
  A ribbon worm (D:4)
  64 orcs
  5 ball pythons
  4 bats
  4 endoplasms
  6 giant cockroaches
  5 goblins
  5 hobgoblins
  10 kobolds
  8 quokkas
  6 frilled lizards
  A frilled lizard skeleton (Crypt:1)
  A goblin skeleton (Crypt:1)
  21 rats
1220 creatures vanquished.

Vanquished Creatures (collateral kills)
  Tiamat (Zot:3)
  A dread lich (Crypt:1)
  2 ancient liches (Zot:5)
  Mennas (Vaults:5)
  A juggernaut (Depths:3)
  2 orbs of fire (Zot:5)
  5 Killer Klowns (Zot:5)
  2 curse toes
  Jory (Vaults:2)
  Nikola (Elf:2)
  4 golden dragons
  A profane servitor (Crypt:3)
  Arachne (Spider:4)
  A doom hound (Zot:1)
  18 Orb Guardians (Zot:5)
  3 electric golems
  7 tentacled monstrosities
  3 liches
  A walking frostbound tome (Depths:1)
  2 deep elf blademasters (Elf:3)
  7 sphinxes
  3 titans
  3 quicksilver dragons
  2 ancient champions
  A thorn hunter (Swamp:4)
  A death cob (Zot:2)
  5 shadow dragons
  6 storm dragons
  4 tengu reavers
  2 nagarajas (WizLab)
  An azure jelly (Vaults:1)
  Aizul (Swamp:2)
  2 draconian monks
  A revenant (Crypt:2)
  6 fire giants
  3 protean progenitors (Zot:3)
  2 draconian scorchers (Zot:1)
  3 draconian shifters
  A fenstrider witch (Swamp:4)
  7 frost giants
  An iron dragon (Vaults:5)
  7 vault wardens
  5 deep elf sorcerers
  5 emperor scorpions
  Louise (Swamp:4)
  5 ghost moths
  A curse skull (Crypt:3)
  A deep elf elementalist (Elf:3)
  A balrug (Depths:2)
  A caustic shrike zombie (Crypt:3)
  6 ghouls
  2 broodmothers
  3 reapers (Crypt:2)
  3 draconian stormcallers
  A juggernaut zombie (Depths:3)
  2 orc warlords
  13 ironbound preservers
  3 formless jellyfish
  5 draconian annihilators
  5 stone giants
  A demonspawn corrupter (WizLab)
  2 ironbound thunderhulks
  5 black draconians
  4 deep elf death magi
  3 very ugly things
  5 deep elf demonologists (Elf:3)
  2 green draconians (Zot:5)
  2 red draconians (Depths:4)
  3 bunyips
  A war gargoyle (Vaults:5)
  5 dire elephants (Vaults:2)
  7 purple draconians
  3 eleionomae
  A deep elf annihilator (Vaults:5)
  3 white draconians
  7 spark wasps
  8 yellow draconians
  5 eidola
  A mummy priest (Crypt:3)
  7 ettins
  3 deep elf high priests
  7 fire dragons
  2 crystal guardians (Vaults:2)
  2 jiangshi
  3 entropy weavers
  2 quicksilver dragon skeletons (Crypt:2)
  3 ice dragons
  8 yaktaur captains
  A shambling mangrove (Swamp:4)
  2 sphinx zombies (Depths:3)
  A rakshasa (Depths:4)
  An ice dragon (shapeshifter) (Depths:1)
  4 great orbs of eyes
  3 vault guards
  A ghost crab (Lair:2)
  A radroach (Spider:4)
  An ogre mage (Vaults:5)
  A spriggan air mage (Depths:2)
  7 alligators
  11 centaur warriors
  18 hydras
  2 jorogumos (Spider:4)
  2 catoblepae (Lair:5)
  5 death knights
  A spriggan skeleton (Depths:3)
  6 ironbound frosthearts
  An anaconda (WizLab)
  13 dancing weapons
  2 boulder beetles (Spider:4)
  4 two-headed ogres
  6 deep troll shamans
  8 death yaks
  2 death scarabs (Crypt:2)
  5 occultists
  2 vampire magi
  7 demonic crawlers
  3 spriggan berserkers
  An Orb Guardian skeleton (Crypt:1)
  An orc high priest (Orc:2)
  A shock serpent (shapeshifter) (Depths:3)
  6 deep elf knights
  7 deep troll earth magi
  6 hell knights
  2 sun demons (Depths:2)
  A sixfirhy (Depths:4)
  4 pharaoh ants
  11 skeletal warriors
  2 iron trolls
  6 flayed ghosts
  A goliath frog (Swamp:2)
  A golden dragon zombie (Depths:3)
  38 deep trolls
  A salamander mystic (Depths:3)
  A mana viper (shapeshifter) (Vaults:5)
  8 orb spiders
  7 arcanists
  8 bog bodies
  7 swamp dragons (Swamp:4)
  3 sun moths
  A glowing orange brain (Depths:4)
  7 phantasmal warriors
  A golden dragon skeleton (Crypt:2)
  12 lindwurms
  A thermic dynamo (Elf:3)
  5 deep elf archers
  A shadow demon (Depths:2)
  11 deep elf zephyrmancers
  A steelbarb worm (shapeshifter) (Vaults:5)
  10 necromancers
  14 ironbound convokers
  7 steelbarb worms
  2 harpies (Vaults:1)
  15 deep elf pyromancers
  8 orc knights
  8 ugly things
  A shining eye (shapeshifter) (Vaults:5)
  22 wolf spiders
  2 orc sorcerers
  A shining eye (Zot:3)
  4 salamanders
  8 moths of wrath
  11 elephants
  3 manticores
  2 shadow dragon skeletons
  2 will-o-the-wisps
  5 centaur zombies
  4 meliai (Spider:4)
  An iron dragon skeleton (Depths:3)
  An elephant (shapeshifter) (Vaults:5)
  A worldbinder (WizLab)
  3 black mambas (Lair:5)
  An alligator skeleton (Crypt:1)
  4 naga zombies
  3 torpor snails
  14 vault sentinels
  4 cane toads
  2 ice statues (Vaults:1)
  A centaur skeleton (Crypt:1)
  2 naga skeletons
  A large abomination (Elf:1)
  A bunyip simulacrum (Vaults:1)
  A kobold demonologist (D:14)
  6 freezing wraiths
  11 yaktaurs
  7 komodo dragons
  A spark wasp simulacrum (Depths:3)
  A sea snake skeleton (Crypt:1)
  2 tengu conjurers
  4 guardian mummies
  2 trolls
  A demonic crawler zombie (Spider:3)
  3 harpy zombies (Crypt:3)
  13 hornets
  A polar bear (shapeshifter) (Vaults:5)
  19 tarantellas
  A bloated husk (Swamp:4)
  A radroach zombie (Crypt:1)
  A tengu simulacrum (Vaults:2)
  A harpy skeleton (Crypt:1)
  5 blink frogs (Lair:5)
  7 tyrant leeches
  A glass eye (Vaults:1)
  Prince Ribbit (D:9)
  2 ettin zombies (Crypt:3)
  A water elemental (Depths:4)
  20 jumping spiders
  11 spriggans
  12 slime creatures
  6 fire dragon skeletons (Crypt:2)
  17 culicivoras
  A dire elephant simulacrum (Crypt:2)
  2 ushabtiu
  A wyvern (Lair:4)
  5 wraiths
  25 yaks
  A human (D:14)
  A basilisk (D:10)
  3 wargs (Orc:2)
  An alligator snapping turtle simulacrum (Vaults:1)
  A fire elemental (Spider:1)
  3 steam dragons
  45 redbacks
  7 swamp worms
  An ogre zombie (Vaults:5)
  A deep troll zombie (Crypt:3)
  A demonspawn skeleton (Crypt:1)
  2 hydra simulacra (Vaults:1)
  4 water moccasins
  A spectral polar bear (Lair:2)
  A glowing shapeshifter skeleton (Vaults:5)
  6 swamp drakes (Swamp:4)
  2 nameless horrors
  6 orc warriors
  A spectral blink frog (Lair:2)
  4 ogres
  A fire dragon simulacrum (Vaults:1)
  A black bear (Lair:2)
  9 wolves
  A boggart (Vaults:2)
  2 elephant zombies (Lair:4)
  4 laughing skulls
  5 centaurs
  A kobold brigand (D:8)
  2 elf simulacra (Vaults:5)
  A komodo dragon zombie (Lair:4)
  A spectral wyvern (Lair:2)
  5 bullfrogs
  A spectral water moccasin (Lair:2)
  A glowing shapeshifter simulacrum (Depths:3)
  8 wights
  A troll zombie (D:9)
  Dowan (D:7)
  A wyvern skeleton (Crypt:3)
  A killer bee (D:10)
  3 electric eels (Lair:4)
  6 orc priests
  An iguana (D:10)
  3 orc wizards
  A deep dwarf skeleton (Crypt:2)
  A gnoll (D:6)
  4 river rats (Lair:1)
  2 white imps (Vaults:2)
  A dart slug (D:2)
  19 orcs
  An endoplasm (D:2)
  3 goblins (D:1)
  3 quokkas (Lair:1)
  An endoplasm zombie (Crypt:2)
  2 frilled lizards (D:1)
  A frilled lizard skeleton (Crypt:1)
  2 kobolds
  5 rats
1138 creatures vanquished.

Vanquished Creatures (others)
  A caustic shrike (Depths:4)
  7 golden dragons
  3 quicksilver dragons
  4 shadow dragons
  A tengu reaver (WizLab)
  2 draconian monks
  10 storm dragons
  A fenstrider witch (Swamp:4)
  A draconian knight (Zot:1)
  A draconian shifter (Zot:3)
  3 draconian scorchers
  A ghost moth (Spider:2)
  A draconian stormcaller (Zot:3)
  A broodmother (Spider:4)
  3 draconian annihilators (Zot:5)
  A spriggan defender (Depths:4)
  2 stone giants (Depths:4)
  An eleionoma (Swamp:2)
  A purple draconian (Zot:1)
  A green draconian (Zot:5)
  2 black draconians
  2 yellow draconians (Zot:5)
  A white draconian (Zot:5)
  2 dire elephants
  3 red draconians
  2 ettins (Depths:4)
  2 hydras
  A vault guard (D:14)
  2 boulder beetles (Lair:5)
  A centaur warrior (D:10)
  A spriggan air mage (Swamp:4)
  A death knight (D:9)
  An anaconda (Gauntlet)
  An alligator (Zot:3)
  An ironbound frostheart (Vaults:1)
  2 deep troll earth magi
  A tengu warrior (Depths:4)
  A death yak (Lair:5)
  2 occultists
  A deep elf knight (Elf:3)
  2 spriggan berserkers
  2 ghost moth zombies (Spider:4)
  An orb spider (Spider:2)
  2 death drakes
  An anaconda zombie (Gauntlet)
  An ironbound convoker (Vaults:2)
  2 alligator zombies
  2 ugly thing zombies
  A deep elf archer (Elf:3)
  6 wolf spider zombies (Spider:4)
  2 deep elf zephyrmancers
  2 eleionoma zombies
  A wolf spider (Spider:4)
  3 deep elf pyromancers
  An elephant (Gauntlet)
  A meliai (shapeshifter) (D:9)
  An elephant (shapeshifter) (Depths:4)
  A black mamba (Lair:4)
  15 moths of wrath
  A cane toad (Lair:1)
  6 redback zombies
  4 swamp worm zombies
  A steelbarb worm zombie (Spider:1)
  A catoblepas zombie (Lair:5)
  A demonic crawler zombie (Spider:4)
  A death drake zombie (Swamp:4)
  7 hydra zombies
  A troll (shapeshifter) (D:9)
  A bloated husk (Swamp:3)
  A harpy zombie (D:14)
  A queen bee (shapeshifter) (D:15)
  A tarantella (Spider:4)
  A troll (D:7)
  5 tarantella zombies
  A blink frog (Lair:5)
  3 jumping spider zombies
  3 culicivora zombies
  A radroach zombie (Spider:1)
  A black mamba zombie (Lair:3)
  2 boulder beetle zombies
  A meliai zombie (D:9)
  A yak (D:15)
  2 tyrant leech zombies
  A human (D:14)
  A redback (Spider:4)
  A slime creature zombie (D:13)
  4 two-headed ogre zombies
  13 human zombies
  A deep troll zombie (Vaults:4)
  2 cane toad zombies (Lair:1)
  An entropy weaver zombie (Spider:4)
  A water moccasin (Lair:4)
  4 hornet zombies
  A manticore zombie (Lair:5)
  4 blink frog zombies (Lair:5)
  4 swamp dragon zombies
  A torpor snail zombie (Lair:2)
  3 komodo dragon zombies (Lair:2)
  A yaktaur zombie (D:15)
  A cyclops zombie (D:14)
  A wyvern zombie (Lair:4)
  A bullfrog (Lair:5)
  4 warg zombies (Orc:2)
  7 water moccasin zombies
  2 hell hound zombies (Spider:1)
  3 spriggan zombies
  14 yak zombies
  4 centaur zombies
  3 bullfrog zombies
  A jelly (D:8)
  An orc priest (D:10)
  4 ogre zombies (Orc:2)
  8 kobold zombies
  A hound zombie (D:5)
  2 howler monkey zombies (D:11)
  2 swamp drake zombies (Swamp:4)
  A ribbon worm zombie (D:4)
  An elf zombie (D:7)
  An iguana zombie (D:10)
  An orc (D:15)
  A ball python (D:7)
  2 gnoll zombies (D:6)
  A ball python zombie (D:7)
  A frilled lizard (D:10)
  A frilled lizard zombie (D:10)
  42 orc zombies
  24 foxfires
349 creatures vanquished.

Grand Total: 2707 creatures vanquished

Notes
Turn   | Place    | Note
-------+----------+-------------------------------------------
     0 | D:1      | NormalPerson7 the Vampire Necromancer began the quest for
                  | the Orb.
     0 | D:1      | Reached XP level 1. HP: 13/13 MP: 3/3
   127 | D:1      | Reached skill level 1 in Fighting
   229 | D:1      | Reached XP level 2. HP: 21/21 MP: 3/5
   691 | D:1      | Gained mutation: You are afflicted with vampirism and can
                  | become a bat while bloodless. [Vampire growth]
   691 | D:1      | Reached XP level 3. HP: 26/26 MP: 3/6
   697 | D:1      | Reached skill level 5 in Necromancy
   701 | D:1      | Learned a level 3 spell: Vampiric Draining
  1592 | D:2      | Reached XP level 4. HP: 29/32 MP: 5/7
  1632 | D:2      | Identified the +0 robe of Reset {rCorr Int+3}
  2559 | D:2      | Reached skill level 6 in Necromancy
  2870 | D:3      | Reached XP level 5. HP: 37/37 MP: 5/8
  2875 | D:3      | Learned a level 4 spell: Animate Dead
  2925 | D:3      | Reached skill level 7 in Necromancy
  3775 | D:3      | Found a shimmering altar of Xom.
  3782 | D:3      | Found an iron altar of Okawaru.
  3782 | D:3      | Found a shimmering blue altar of Sif Muna.
  3784 | D:3      | Found an ancient bone altar of Kikubaaqudgha.
  3785 | D:3      | Found an opulent altar of Gozag.
  3788 | D:3      | Found an ornate altar of the Wu Jian Council.
  3791 | D:3      | Became a worshipper of Kikubaaqudgha
  4037 | D:4      | Reached XP level 6. HP: 43/43 MP: 6/10
  4411 | D:4      | Found a staircase to the Ecumenical Temple.
  4470 | D:5      | Entered Level 5 of the Dungeon
  4497 | D:5      | Learned a level 4 spell: Dispel Undead
  4999 | D:5      | Identified the +7 trident of Pride {venom, Stlth+}
  5044 | D:5      | Reached skill level 8 in Necromancy
  5044 | D:5      | Reached XP level 7. HP: 48/48 MP: 2/13
  5826 | D:5      | Found a broken altar of Ashenzari.
  5826 | D:5      | Found a blossoming altar of Fedhas.
  5827 | D:5      | Found a hazy altar of Hepliaklqana.
  6172 | D:6      | Reached skill level 9 in Necromancy
  6345 | D:6      | Reached * piety under Kikubaaqudgha
  6345 | D:6      | Received a gift from Kikubaaqudgha
  6598 | D:6      | Reached XP level 8. HP: 59/59 MP: 9/14
  6605 | D:6      | Reached skill level 1 in Evocations
  6876 | D:6      | Noticed Sigmund
  6989 | D:6      | Killed Sigmund
  7023 | D:6      | Reached skill level 5 in Spellcasting
  7631 | D:6      | Found a runed translucent door.
  7906 | D:7      | Identified the +1 sling "Jyfouliz" {flame, Will+ Int-3
                  | Stlth+}
  8234 | D:7      | Found a runed translucent gate.
  8235 | D:7      | Found a runed translucent gate.
  8236 | D:7      | Found a runed translucent gate.
  8236 | D:7      | Noticed GeoRichter's ghost (novice MDFE)
  8240 | D:7      | Found a roughly hewn altar of Beogh.
  8244 | D:7      | Noticed Dowan
  8462 | D:7      | Reached XP level 9. HP: 49/65 MP: 18/18
  8503 | D:7      | Noticed Duvessa
  8528 | D:7      | Killed Duvessa
  8531 | D:7      | Killed Dowan
  8553 | D:7      | Your ally Dowan died
  8556 | D:7      | Reached skill level 10 in Necromancy
  8675 | D:7      | Found Walirchy's Magic Scroll Shop.
  8678 | D:7      | Bought a scroll of fear for 48 gold pieces
  8678 | D:7      | Bought a scroll of identify for 24 gold pieces
  8679 | D:7      | Bought a scroll of identify for 24 gold pieces
  9295 | D:8      | Reached skill level 11 in Necromancy
  9358 | D:8      | Noticed a cyclops
  9358 | D:8      | Noticed a tengu warrior
  9624 | D:8      | Reached skill level 5 in Fighting
  9780 | D:9      | Noticed Prince Ribbit
  9877 | D:9      | Noticed a two-headed ogre
  9878 | D:9      | a shapeshifter changed into a meliai
  9878 | D:9      | Noticed a meliai (shapeshifter)
  9878 | D:9      | a shapeshifter changed into a troll
  9878 | D:9      | Noticed a troll (shapeshifter)
  9885 | D:9      | Killed a two-headed ogre
  9886 | D:9      | Reached XP level 10. HP: 76/76 MP: 13/20
  9892 | D:9      | Learned a level 5 spell: Curse of Agony
  9897 | D:9      | Learned a level 3 spell: Fugue of the Fallen
 10123 | D:9      | Killed Prince Ribbit
 10241 | D:8      | Reached ** piety under Kikubaaqudgha
 10356 | D:9      | Reached skill level 5 in Evocations
 10548 | D:9      | Found a staircase to the Orcish Mines.
 10768 | D:10     | Entered Level 10 of the Dungeon
 10781 | D:10     | Noticed a two-headed ogre
 10800 | D:10     | Killed a two-headed ogre
 10801 | D:10     | Reached skill level 12 in Necromancy
 10908 | D:10     | Reached skill level 5 in Dodging
 11393 | D:10     | Found a staircase to the Lair.
 11490 | D:10     | Reached skill level 1 in Polearms
 11509 | D:10     | Reached XP level 11. HP: 81/81 MP: 8/23
 12062 | D:11     | Found a gate leading to a gauntlet.
 12071 | Gauntlet | Entered a Gauntlet
 12071 | Gauntlet | Noticed a death scarab
 12071 | Gauntlet | Found a transporter.
 12091 | Gauntlet | Found a transporter.
 12093 | Gauntlet | Found a transporter.
 12094 | Gauntlet | Found a transporter.
 12102 | Gauntlet | Noticed a catoblepas
 12105 | Gauntlet | Found a transporter.
 12105 | Gauntlet | Found a transporter.
 12106 | Gauntlet | Found a transporter.
 12116 | Gauntlet | Found a transporter.
 12118 | Gauntlet | Found a transporter.
 12119 | Gauntlet | Found a transporter.
 12126 | Gauntlet | Found a runed translucent door.
 12127 | Gauntlet | Noticed a glowing orange brain
 12128 | Gauntlet | Found a transporter.
 12128 | Gauntlet | Noticed a white ugly thing
 12130 | Gauntlet | Noticed a red ugly thing
 12131 | Gauntlet | Found a transporter.
 12132 | Gauntlet | Found a transporter.
 12138 | Gauntlet | Noticed a glowing orange brain
 12138 | Gauntlet | Noticed a death scarab
 12140 | Gauntlet | Noticed a death scarab
 12143 | Gauntlet | Found a transporter.
 12233 | Gauntlet | Killed a death scarab
 12369 | Gauntlet | Noticed a minotaur
 12389 | Gauntlet | Killed a minotaur
 12390 | Gauntlet | Reached skill level 5 in Polearms
 12400 | Gauntlet | Identified the +2 robe of Ru's Indignation {-Tele rElec
                  | Str+2 Int+2}
 12405 | Gauntlet | Identified the +3 leather armour of Gluttony {Int+5}
 12407 | Gauntlet | Identified the +1 pair of boots of Summer {rPois rN++}
 12407 | Gauntlet | Identified the +0 scale mail of Fabulous Lucidity {rPois
                  | rC+ rN++ Int-5}
 12632 | D:11     | Found a transporter.
 12637 | D:11     | Noticed Nattfarinn's ghost (journeyman MDNe)
 12663 | D:11     | Found a transporter.
 12746 | D:11     | Noticed a brown ugly thing
 12856 | D:11     | Found Faupn's Jewellery Boutique.
 12915 | D:11     | Killed a brown ugly thing
 13194 | D:11     | Identified the +2 hand axe "Ceipape" {flame, rPois Will+
                  | Stlth+}
 13675 | D:11     | Found Faupn's Jewellery Boutique.
 13999 | D:7      | Killed GeoRichter's ghost
 13999 | D:7      | Reached *** piety under Kikubaaqudgha
 13999 | D:7      | Received a gift from Kikubaaqudgha
 14136 | D:8      | Learned a level 6 spell: Death Channel
 14155 | Lair:1   | Entered Level 1 of the Lair of Beasts
 14390 | Lair:1   | Reached skill level 13 in Necromancy
 14668 | Lair:1   | Reached **** piety under Kikubaaqudgha
 14946 | Lair:2   | Reached XP level 12. HP: 88/88 MP: 24/24
 15039 | Lair:2   | Found a hole to the Spider Nest.
 15108 | Lair:2   | Reached skill level 14 in Necromancy
 15464 | Lair:2   | Reached ***** piety under Kikubaaqudgha
 15550 | Lair:2   | Found a radiant altar of Vehumet.
 15673 | Lair:2   | Reached skill level 15 in Necromancy
 15891 | Lair:2   | Found a staircase to the Swamp.
 15891 | Lair:2   | Noticed a ghost crab
 16528 | Lair:2   | Killed a ghost crab
 16886 | D:7      | Bought a scroll of enchant weapon for 90 gold pieces
 17342 | Lair:3   | Reached XP level 13. HP: 98/98 MP: 19/26
 17365 | Lair:3   | Learned a level 4 spell: Martyr's Knell
 17381 | Lair:3   | Reached skill level 1 in Summonings
 17422 | Lair:3   | Identified the +0 scale mail of Numoac {rElec rPois rF-
                  | MP+9}
 18348 | D:7      | Bought a scroll of acquirement for 624 gold pieces
 18348 | D:7      | Acquired the +6 buckler of the Bespelling Gods {rC+}
 18356 | D:7      | Upgraded the game from 0.32-a0-765-gfba4d74c8c to
                  | 0.32-a0-772-g33df2375a9
 18356 | D:7      | Acquired the ring "Qekh" {*Corrode Will+ Int+7}
 18357 | D:7      | Acquired a book of Unlife
 18361 | D:7      | Acquired a +5 demon trident of freezing
 18646 | D:8      | Reached ****** piety under Kikubaaqudgha
 19455 | Lair:4   | Reached skill level 5 in Earth Magic
 19644 | Lair:4   | Reached skill level 10 in Spellcasting
 19676 | Lair:4   | Found a viscous altar of Jiyva.
 19745 | Lair:4   | You fall into a shaft and drop 1 floor!
 19745 | Lair:5   | Entered Level 5 of the Lair of Beasts
 19924 | Lair:5   | Noticed Nessos
 20044 | Lair:5   | Nessos changed into Nessos the dream sheep
 20044 | Lair:5   | Noticed Nessos
 20045 | Lair:5   | Nessos the dream sheep changed into Nessos the raiju
 20045 | Lair:5   | Noticed Nessos
 20046 | Lair:5   | Nessos the raiju changed into Nessos the sun moth
 20046 | Lair:5   | Noticed Nessos
 20050 | Lair:5   | Nessos the sun moth changed into Nessos the manticore
 20050 | Lair:5   | Noticed Nessos
 20053 | Lair:5   | Killed Nessos the manticore
 20253 | Lair:4   | Reached XP level 14. HP: 105/105 MP: 24/29
 20260 | Lair:4   | Learned a level 5 spell: Borgnjor's Vile Clutch
 21906 | D:12     | Reached skill level 10 in Polearms
 21994 | D:12     | Identified the +2 pair of gloves of Sif Muna's Displeasure
                  | {rF+ Will+ Regen+ Int-4}
 22332 | D:12     | Found the +8 Vampire's Tooth {megavamp}
 22601 | D:13     | Identified the +4 ring mail of Hoopacul {Str+4 Dex+4}
 23118 | D:13     | Noticed Kirke
 23119 | D:13     | Found a hide-covered altar of Uskayaw.
 23148 | D:13     | Killed Kirke
 23462 | D:14     | Found a broken altar of Ashenzari.
 23616 | D:14     | Noticed a frost giant
 23669 | D:14     | Killed a frost giant
 23971 | D:14     | Reached XP level 15. HP: 110/110 MP: 6/30
 23982 | D:14     | Found a gate to the Vaults.
 24128 | D:14     | Found a hazy altar of Hepliaklqana.
 24796 | D:15     | Entered Level 15 of the Dungeon
 24982 | D:15     | Found a blossoming altar of Fedhas.
 25161 | Orc:1    | Entered Level 1 of the Orcish Mines
 25561 | Orc:1    | Found Kuomig's CLEARANCE SALE!.
 25700 | Orc:2    | Entered Level 2 of the Orcish Mines
 25770 | Orc:2    | Noticed Jorgrun
 25781 | Orc:2    | Killed Jorgrun
 26007 | Orc:2    | Reached skill level 16 in Necromancy
 26448 | Orc:2    | Found a staircase to the Elven Halls.
 26575 | Orc:2    | Found a roughly hewn altar of Beogh.
 26579 | Orc:2    | Found Ceul Gol's Jewellery Emporium.
 26635 | Orc:2    | Found Billoy's Antique Armour Emporium.
 26650 | Orc:2    | Found Dimeas's General Store.
 26669 | Orc:2    | Found Kyidisut's Antique Weapon Emporium.
 26975 | Orc:1    | Bought a scroll of identify for 12 gold pieces
 26975 | Orc:1    | Bought a sack of spiders for 240 gold pieces
 27076 | Orc:2    | Bought a scroll of identify for 24 gold pieces
 27426 | D:15     | Noticed Rupert
 27663 | D:15     | Reached skill level 17 in Necromancy
 28209 | D:15     | Killed Rupert
 28465 | D:15     | Found a staircase to the Depths.
 28804 | D:15     | Received a gift from Kikubaaqudgha (forbidden knowledge)
 29023 | Orc:2    | Bought an amulet of regeneration for 360 gold pieces
 29237 | Swamp:1  | Entered Level 1 of the Swamp
 29297 | Swamp:1  | Reached XP level 16. HP: 72/122 MP: 16/31
 29299 | Swamp:1  | Reached skill level 10 in Fighting
 29835 | Swamp:2  | Noticed Frances
 29855 | Swamp:2  | Noticed Mlioglotl
 29900 | Swamp:2  | Found a runed translucent door.
 29935 | Swamp:2  | Killed Frances
 30076 | Swamp:2  | Reached skill level 18 in Necromancy
 30287 | Swamp:2  | Noticed a lich
 30295 | Swamp:2  | Killed Mlioglotl
 30318 | Swamp:2  | Identified the serpent talisman of Enaisuenk {Will++ Str-2
                  | Dex+3}
 30318 | Swamp:2  | Noticed Aizul
 30330 | Swamp:2  | Killed Aizul
 30421 | Swamp:2  | Noticed Peot's ghost (adept MiFi)
 30439 | Swamp:2  | Killed Peot's ghost
 30974 | Swamp:3  | Reached skill level 19 in Necromancy
 31466 | Swamp:4  | Entered Level 4 of the Swamp
 31544 | Swamp:4  | Acquired a ring of wizardry
 31639 | Swamp:4  | Noticed Louise
 31663 | Swamp:4  | Killed Louise
 31828 | Swamp:4  | Reached skill level 20 in Necromancy
 31942 | Swamp:4  | Your ally Louise died
 31957 | Swamp:4  | Noticed a thorn hunter
 31964 | Swamp:4  | Killed a thorn hunter
 31973 | Swamp:4  | Noticed a thorn hunter
 31983 | Swamp:4  | Reached XP level 17. HP: 109/128 MP: 3/33
 32013 | Swamp:4  | Got a decaying rune of Zot
 32085 | Swamp:4  | Reached skill level 21 in Necromancy
 32087 | Swamp:4  | Reached skill level 1 in Shields
 32602 | Lair:3   | Learned a level 8 spell: Infestation
 32647 | Spider:1 | Entered Level 1 of the Spider Nest
 32703 | Spider:1 | Noticed Azrael
 32716 | Spider:1 | Killed Azrael
 33265 | Spider:1 | Paralysed by a jorogumo for 3 turns
 33519 | Spider:1 | Reached skill level 5 in Shields
 34374 | Spider:2 | Reached skill level 1 in Armour
 34770 | Spider:2 | Identified the +1 robe of Rationality {Harm rC+ Will-
                  | Dex+2}
 35289 | Spider:3 | Reached skill level 5 in Armour
 36226 | Spider:4 | Entered Level 4 of the Spider Nest
 36329 | Spider:4 | Reached XP level 18. HP: 138/138 MP: 2/34
 36368 | Spider:4 | Identified the +0 leather armour of Analysis {Rampage Will-
                  | rCorr SInv}
 36729 | Spider:4 | Found a runed translucent door.
 36729 | Spider:4 | Found a shimmering altar of Xom.
 36729 | Spider:4 | Noticed ilii's ghost (adept MDFi)
 36971 | Spider:4 | Reached skill level 5 in Summonings
 37265 | Spider:4 | Noticed Arachne
 37274 | Spider:4 | Killed Arachne
 37610 | Spider:4 | Got a gossamer rune of Zot
 37816 | Spider:4 | Killed ilii's ghost
 38204 | Elf:1    | Entered Level 1 of the Elven Halls
 38322 | Elf:1    | Reached skill level 10 in Summonings
 38354 | Elf:1    | Got the Cyclopedia of the Throng
 38454 | Elf:1    | Identified the ring "Ecseb" {*Corrode rElec rPois Int+3
                  | Dex+3}
 39376 | Elf:2    | Reached XP level 19. HP: 134/149 MP: 11/35
 39540 | Elf:2    | Found Curchotusi's Antique Weapon Emporium.
 39733 | Elf:2    | Found a runed translucent gate.
 39734 | Elf:2    | Found a runed translucent gate.
 39734 | Elf:2    | Found a runed translucent gate.
 39885 | Elf:3    | Entered Level 3 of the Elven Halls
 39919 | Elf:3    | Found a magical portal.
 39990 | WizLab   | Entered Alistair's Party Mansion
 40340 | WizLab   | Got the Textbook on Spagyria
 40850 | Elf:3    | Acquired the amulet "Umouhu" {Reflect rElec Str+2 SH+5
                  | Stlth-}
 41154 | D:8      | Learned a level 7 spell: Haunt
 41440 | Elf:2    | Noticed Nikola
 41707 | Elf:2    | Reached skill level 10 in Dodging
 41876 | Elf:2    | Killed Nikola
 42599 | D:7      | Bought a scroll of enchant weapon for 90 gold pieces
 42599 | D:7      | Bought a scroll of fog for 48 gold pieces
 42796 | Elf:3    | Found a radiant altar of Vehumet.
 43768 | Elf:3    | Identified the +6 chain mail of a wizard's laboratory {rF+}
 43959 | Elf:3    | Reached skill level 22 in Necromancy
 44297 | Elf:3    | Identified the staff of Articulation {^Fragile rElec rCorr
                  | Air Earth}
 44300 | Elf:3    | Identified the staff "Starlight" {rC+ Dex+3 Ice}
 44322 | Elf:3    | Got the Encyclopedia of Formation and the Departed
 44331 | Elf:3    | Identified the staff "Nefigya" {rElec rC+ Air}
 44771 | Vaults:1 | Entered Level 1 of the Vaults
 44815 | Vaults:1 | Reached XP level 20. HP: 98/159 MP: 10/36
 44965 | Vaults:1 | Found Efrypos's Assorted Antiques.
 45232 | Vaults:1 | Found a runed translucent gate.
 45232 | Vaults:1 | Found a runed translucent gate.
 45232 | Vaults:1 | Found a runed translucent gate.
 45502 | Vaults:1 | Reached skill level 23 in Necromancy
 45538 | Vaults:1 | Got Sif Muna's Papyrus of Cryomancy
 46282 | Vaults:1 | Got the Book of the Oath
 47365 | Vaults:2 | Reached skill level 15 in Fighting
 47933 | Vaults:2 | Noticed Jory
 47956 | Vaults:2 | Killed Jory
 48622 | Vaults:2 | Identified the amulet of Taadali {Spirit rPois rF+}
 48934 | Vaults:3 | Reached XP level 21. HP: 171/171 MP: 17/37
 49563 | Vaults:3 | Reached skill level 24 in Necromancy
 49610 | Vaults:3 | Found a staircase to the Crypt.
 50487 | Vaults:4 | Found Xubeun's Antique Armour Shoppe.
 51567 | Crypt:1  | Entered Level 1 of the Crypt
 51769 | Crypt:1  | Found a runed translucent gate.
 51769 | Crypt:1  | Found a runed translucent gate.
 51769 | Crypt:1  | Found a runed translucent gate.
 51769 | Crypt:1  | Noticed Amauri's ghost (veteran OnAl)
 51819 | Crypt:1  | Noticed a dread lich
 51822 | Crypt:1  | Killed a dread lich
 52389 | Crypt:1  | Reached skill level 15 in Dodging
 52700 | Crypt:2  | Reached XP level 22. HP: 178/178 MP: 17/38
 52995 | Crypt:2  | Got the Compilation of Shifting and Turbulence
 52998 | Crypt:2  | Identified the scarf of the Kettle-Drum {repulsion, rElec
                  | Str+7 Dex-3}
 53375 | Crypt:2  | Identified the +7 orcbow of Subterfuge {speed, *Corrode rC+
                  | Int+6}
 54166 | Crypt:3  | Entered Level 3 of the Crypt
 54935 | Crypt:3  | Found a staircase to the Tomb.
 55406 | Crypt:3  | Found a basalt altar of Yredelemnul.
 56269 | Crypt:3  | Identified the +9 rapier "Ceutwizxo" {flame, Will+ Int+3}
 56521 | Depths:1 | Entered Level 1 of the Depths
 56623 | Depths:1 | Found a transporter.
 56626 | Depths:1 | Noticed a caustic shrike
 56632 | Depths:1 | Noticed DeathSun's ghost (adept MiFi)
 56632 | Depths:1 | Noticed a juggernaut
 56643 | Depths:1 | Found a transporter.
 56647 | Depths:1 | Found a gateway to Hell.
 57037 | Depths:1 | Noticed Etzesk's ghost (veteran TeGl)
 57516 | Depths:1 | Found a one-way gate to the infinite horrors of the Abyss.
 57850 | Depths:2 | Found a one-way gate leading to the halls of Pandemonium.
 57975 | Depths:2 | Reached XP level 23. HP: 196/196 MP: 27/39
 58058 | Depths:2 | Identified the +8 chain mail of Action {+Blink Regen+
                  | Int+4}
 58097 | Depths:2 | Identified the +3 chain mail of the Blizzard {Will+++ Dex-3
                  | SInv Stlth-}
 58219 | Depths:2 | Found a one-way gateway to a ziggurat.
 58219 | Depths:2 | Identified the ring "Utiutaid" {Ice ^Contam Int+4 Stlth+}
 58290 | Depths:2 | Noticed ongoing's ghost (veteran MDFi)
 58301 | Depths:2 | Found a transporter.
 58359 | Depths:2 | Found a transporter.
 59238 | Depths:3 | Identified the +10 scimitar of Yqiukh {vamp, rElec Str-2
                  | Int-3 Stlth+}
 59245 | Depths:3 | Identified the +4 war axe "Arakuxyz" {protect, rC+ Int+5
                  | Dex+4}
 59439 | Depths:3 | Noticed a juggernaut
 59460 | Depths:3 | Killed a juggernaut
 59907 | Depths:4 | Entered Level 4 of the Depths
 60180 | Depths:4 | Reached skill level 10 in Armour
 60527 | Depths:4 | Found a gate to the Realm of Zot.
 61101 | Vaults:5 | Entered Level 5 of the Vaults
 61101 | Vaults:5 | Noticed Mennas
 61298 | Vaults:5 | Reached XP level 24. HP: 179/204 MP: 26/39
 61490 | Vaults:5 | Found Plog's General Store.
 61530 | Vaults:5 | Identified the amulet "Umekker" {rN+ RegenMP+ Str+3 Int+5}
 61586 | Vaults:5 | Reached skill level 10 in Evocations
 61609 | Vaults:5 | Identified the +4 long sword "Hogguz" {freeze, rN++ Dex+2}
 61895 | Vaults:5 | Got Ogiuhu's Hocus-Pocus, Part Two
 61910 | Vaults:5 | Learned a level 2 spell: Blink
 61988 | Vaults:5 | Reached skill level 1 in Translocations
 61995 | Vaults:5 | Upgraded the game from 0.32-a0-772-g33df2375a9 to
                  | 0.32-a0-791-gfc315c9ecd
 62042 | Vaults:5 | Identified the +8 chain mail of the Gardener {Rampage Str+5
                  | Int+6}
 62070 | Vaults:5 | Identified the ring "Xaoraun" {Fly Str+6 Slay-2}
 62133 | Vaults:5 | Killed Mennas
 62178 | Vaults:5 | Identified the staff of Xaumaita {rN+ Int+2 Stlth+ Necro}
 62681 | Vaults:5 | Identified the +3 dagger of Infinite Pain {venom, +Blink
                  | rN++}
 62687 | Vaults:5 | Got Ophoci's Atlas of the Hidden Spirits
 63209 | Vaults:5 | Got a silver rune of Zot
 65258 | Depths:2 | Killed ongoing's ghost
 66998 | Zot:1    | Entered Level 1 of the Realm of Zot
 67190 | Zot:1    | Reached XP level 25. HP: 147/212 MP: 6/39
 67299 | Zot:1    | Noticed Grunn
 67313 | Zot:1    | Killed Grunn
 68020 | Zot:1    | Identified the +0 leather armour of the Evil One {Str+3
                  | SInv}
 69917 | Zot:3    | Found the +4 dragonskin cloak {Aegis}
 69917 | Zot:3    | Noticed Tiamat
 70773 | Zot:3    | Gained mutation: Your flesh is heat resistant. (rF+) [a
                  | shining eye]
 71062 | Zot:3    | Identified the +6 plate armour of the Flute {rN+ Str+3
                  | Int+5}
 71466 | Zot:3    | Killed Tiamat
 71637 | Zot:3    | Identified the +5 chain mail "Feerynn" {Harm +Blink}
 72443 | Zot:4    | Reached XP level 26. HP: 209/226 MP: 26/39
 72923 | Zot:4    | Identified the +10 dagger of Ahikhlip {flame, rC+}
 72947 | Zot:5    | Entered Level 5 of the Realm of Zot
 74090 | Zot:5    | Noticed an ancient lich
 74098 | Zot:5    | Killed an ancient lich
 74234 | Zot:5    | Noticed an orb of fire
 74238 | Zot:5    | Gained mutation: You have large cloven feet. [an orb of
                  | fire]
 74244 | Zot:5    | Gained mutation: You are dopey. (Int -2) [an orb of fire]
 74247 | Zot:5    | Killed an orb of fire
 74409 | Zot:5    | Noticed an orb of fire
 74429 | Zot:5    | Killed an orb of fire
 74905 | Zot:5    | Noticed an ancient lich
 74912 | Zot:5    | Noticed an orb of fire
 74915 | Zot:5    | Killed an ancient lich
 75144 | Zot:5    | Noticed an ancient lich
 75162 | Zot:5    | Killed an ancient lich
 75163 | Zot:5    | Reached skill level 25 in Necromancy
 75212 | Zot:5    | Killed an orb of fire
 76697 | Zot:5    | Got the Orb of Zot
 76827 | Depths:4 | Noticed Vugan the pandemonium lord
 77272 | D:$      | Escaped with the Orb!

Illustrated notes

Levels and vault maps discovered:
D:1:      dpeg_arrival_oval, layout_loops_ring, st_stairs_10,
          minmay_tromino_mix6
D:2:      minmay_inner_zag, layout_rooms
D:3:      layout_loops_cross, minitemple, minmay_misc_feat_room
D:4:      layout_rooms, minmay_temple_entry_drinking_statues
D:5:      minmay_skewed_foursquare, layout_loops_corners,
          gammafunk_temple_overflow_claw
D:6:      layout_loops_ring, uniq_sigmund, uniq_crazy_yiuf_cottage
D:7:      layout_basic, biasface_ghost_orc_armoury, serial_shops,
          nicolae_shop_tiny_real_fake_doors, uniq_duvessa
D:8:      nzn_winding_woodlands_medium [nzn_winding_woodlands_5x5_open_star,
          nzn_winding_woodlands_5x15_split_checker,
          nzn_winding_woodlands_hourglass,
          nzn_winding_woodlands_5x5_closed_star,
          nzn_winding_woodlands_center_triple_pond,
          nzn_winding_woodlands_5x5_default,
          nzn_winding_woodlands_5x5_checkerboard,
          nzn_winding_woodlands_5x15_parted, nzn_winding_woodlands_5x5_three],
          layout_basic
D:9:      layout_cave_pools, hiddenorc1_lemuel, fungi_pond_lemuel,
          kennysheep_boxes, uniq_prince_ribbit1
D:10:     layout_basic, dpeg_lair_monsters, nicolae_underground_beach
D:11:     layout_loops_ring, gammafunk_ghost_berserking_beasts,
          gauntlet_entry_generic, minmay_shop_enchanted_jewellery
D:12:     layout_cave_pools, minmay_guarded_unrand_vampires_tooth
D:13:     layout_basic, kennysheep_nondescript, nicolae_uskayaw_en_pointe,
          uniq_kirke
D:14:     cheibrodos_monumental, layout_long_grid, ximxim_vaults_locker_room,
          nicolae_hepliaklqana_hippocampus, ashenzari_conservatory_becter
D:15:     gammafunk_depths_entry_grave, layout_cave_pools,
          hangedman_decor_slide_cut, fedhas_altar_1, uniq_rupert
Lair:1:   lemuel_ratsnest, layout_big_grid
Lair:2:   layout_gridlike, nicolae_swamp_entry_spooky, spider_nest_entry_webs,
          basic_altar, beast_lair_carwin_8
Lair:3:   layout_chaotic_city, cheibrodos_lair_reptile_den, grunt_megastairs_1,
          serial_bayou_shore_b, serial_bayou_shore_b
Lair:4:   pond_and_an_island_with_a_cottage, layout_regular_city,
          minmay_slime_entry_oklob_enclosed, chequers_serial_rivers_room_b,
          lookout_lair_type
Lair:5:   evilmike_catoblepas_cave, layout_misc_corridors,
          serial_bayou_crossing, lemuel_fruit_tree, uniq_nessos
Swamp:1:  layout_falls_marsh, serial_swamp_ruin, evilmike_swamp_ruin_house_2,
          hangedman_swamp_ruin_hall
Swamp:2:  layout_basic_swamp, ebering_ghost_reflecting_pool,
          evilmike_swamp_ruin_house_1, uniq_aizul, uniq_mlioglotl, uniq_frances
Swamp:3:  layout_falls_marsh, hangedman_swamp_lotus, swamp_pool_1_2
Swamp:4:  swamp_basic_johnstein, layout_basic_swamp,
          nicolae_swamp_decorative_isthmus, uniq_louise
Spider:1: layout_spider_delve, uniq_azrael
Spider:2: layout_spider_delve
Spider:3: layout_cave_pods, hangedman_spider_mandibles
Spider:4: johnstein_spider_rune_arachne_lair, ebering_ghost_xom,
          nicolae_spider_nook
Orc:1:    layout_diamond_mine, nicolae_shop_clearance
Orc:2:    grunt_orc_cross, layout_diamond_mine, uniq_jorgrun
Elf:1:    eino_elf_arrival_shootout, layout_gridlike, serial_glass,
          glass_columns_b, glass_columns_c, minmay_elf_demonology,
          minmay_elf_necromancy
Elf:2:    nicolae_elf_blades_crystal_corner, layout_gridlike, serial_shops,
          nicolae_shop_behind_doors, serial_glass, glass_columns_a,
          glass_columns_a, uniq_nikola
Elf:3:    elf_hall_gauntlet_wide, layout_geoelf_octagon, mu_enter_wizlab_2,
          basic_altar, patterned_corridor
Vaults:1: nicolae_vaults_angled_halls, abrahamwl_protected_by_tso_3,
          nicolae_vaults_storage_room_glass, vaults_room_grunt_arrival_ludios,
          nicolae_vaults_shelves_hall, v_misc_16,
          nicolae_vaults_closet_pinwheel_5, v_misc_27,
          nicolae_vaults_layer_cake_slice, nicolae_vaults_circle_grid_a,
          nicolae_vaults_little_squares_3, v_misc_8, v_rooms_2,
          vaults_room_stairs_pillars, nicolae_vaults_closet_pinwheel_6,
          layout_vaults_omnibox, serial_magic_research,
          hangedman_research_probablistics, hangedman_research_thermodynamics,
          serial_shops, nicolae_diamond_shop
Vaults:2: nicolae_vaults_shelves_hall, grunt_vaults_diagonal, v_misc_23,
          nicolae_vaults_tangram_1, v_alt_pattern_2,
          nicolae_vaults_offset_grid_hallway_3, vaults_mumra_minichess,
          hangedman_vaults_cutoff, serial_ice_g, hangedman_vaults_snaps,
          nicolae_vaults_tetromino_L_2, layout_vaults_big_cross, uniq_jory
Vaults:3: nicolae_vaults_trapezoid_layered, ontoclasm_vaults_idyll,
          minmay_crypt_entry_simple_round, v_rooms_4,
          nicolae_vaults_little_squares_2, vaults_room_hangedman_quadrants,
          nicolae_vaults_little_squares_6, nicolae_vaults_alarming,
          nicolae_vaults_storage_closets_3, layout_vaults_omnigrid
Vaults:4: ontoclasm_vaults_pinch, vaults_room_ringed_pool, v_misc_13,
          lemuel_angel_altar, nicolae_vaults_angled_halls,
          nicolae_vaults_trapezoid_3, grunt_vaults_trifunnel, v_pattern_2,
          vaults_room_pool, vaults_mumra_hexcomb, v_misc_15,
          nicolae_vaults_octothorpe, layout_vaults_ring, serial_shops,
          nicolae_shop_hallway_plus, serial_glass
Vaults:5: uniq_mennas
Crypt:1:  layout_regular_city, gammafunk_ghost_necromancy, grunt_ministairs_4,
          st_stairs_3, corexii_hall_statues_i, fountainhead,
          minmay_strange_pillars
Crypt:2:  cheibrodos_crypt_draghalla, layout_gridlike,
          nicolae_crypt_grand_chamber
Crypt:3:  evilmike_haunted_forest
Depths:1: kennysheep_blocky_room, layout_small_grid,
          hangedman_abyss_entry_splay, nzn_ghost_randoct, grunt_decor_clamped,
          hell_entry, hex_medium, lightli_fourway_metalbox
Depths:2: grunt_twist_and_shout, layout_gridlike, enter_ziggurat_d,
          dk_noncrumbling_4, lightli_too_deep, rand_demon_pan_entry_5,
          gammafunk_ghost_arena, serial_glass, glass_columns_c, glass_columns_c,
          kennysheep_decorative_pillar
Depths:3: minmay_bubble_buster, layout_basic, hell_entry, nicolae_two_hexagons,
          abyss_entry
Depths:4: grunt_zot_entry_alcove, layout_cave_pools, pf_hell_entry_tar_spiral,
          grunt_ministairs_3, serial_bayou_pond_b, nicolae_twisting_strands
Zot:1:    layout_onion_interference, uniq_grunn
Zot:2:    layout_twisted_circle
Zot:3:    kennysheep_room_grid, layout_gridlike, grunt_megastairs_3, uniq_tiamat
Zot:4:    layout_basic
Zot:5:    layout_cathedral_of_symmetry

Skill      XL: |  1  2  3  4  5  6  7  8  9 10 11 12 13 14 15 16 17 18 19 20 21 22 23 24 25 26 |
---------------+-------------------------------------------------------------------------------+-----
Fighting       | 1 3 4 6 8 9 10 11 13 14 16 19 20 22 24 | 24.8
Stealth        | 4 |  4.0
Necromancy     | 5 6 7 8 9 11 12 13 15 17 20 21 22 23 24 25 | 25.0
Spellcasting   | 3 4 6 7 8 9 11 12 | 12.0
Evocations     | 3 5 7 8 10 | 10.0
Dodging        | 3 4 6 7 9 11 15 18 | 18.0
Polearms       | 2 7 12 14 | 14.0
Summonings     | 4 11 12 13 14 | 14.0
Earth Magic    | 6 7 |  7.0
Shields        | 5 6 7 9 |  9.0
Armour         | 5 12 14 | 14.0
Translocations | 3 |  3.0

Action                     |  1- 3 |  4- 6 |  7- 9 | 10-12 | 13-15 | 16-18 | 19-21 | 22-24 | 25-27 || total
---------------------------+-------+-------+-------+-------+-------+-------+-------+-------+-------++-------
  Melee: Dagger            |     1 |    13 |       |       |       |       |       |       |       ||    14
         Trident           |       |     2 |    54 |   369 |    42 |       |       |       |       ||   467
         Bite              |       |       |     2 |    36 |    98 |    70 |   146 |   291 |   249 ||   892
         Demon trident     |       |       |       |       |   783 |   674 |   934 |  1525 |  1193 ||  5109
  Throw: Stone             |     4 |     1 |       |       |       |       |       |       |       ||     5
         Dart              |       |     7 |     2 |     4 |       |       |       |       |       ||    13
   Cast: Necrotise         |    56 |    98 |    72 |     6 |       |       |       |       |       ||   232
         Animate Dead      |       |     5 |     9 |    15 |    32 |    17 |     3 |       |       ||    81
         Vampiric Draining |       |     3 |    17 |    39 |     9 |       |       |       |       ||    68
         Dispel Undead     |       |       |    13 |    13 |    24 |    14 |    26 |    67 |    34 ||   191
         Fugue of the Fall |       |       |       |    14 |    10 |     9 |     1 |     2 |     4 ||    40
         Curse of Agony    |       |       |       |    24 |     2 |     1 |       |       |       ||    27
         Death Channel     |       |       |       |     8 |    40 |    45 |    30 |    31 |    23 ||   177
         Martyr's Knell    |       |       |       |       |    10 |     2 |       |       |       ||    12
         Borgnjor's Vile C |       |       |       |       |    30 |    65 |    73 |    62 |    84 ||   314
         Infestation       |       |       |       |       |       |    27 |    55 |    41 |    21 ||   144
         Haunt             |       |       |       |       |       |       |    59 |    55 |    37 ||   151
         Blink             |       |       |       |       |       |       |       |     1 |     5 ||     6
 Invoke: Unearth Wretches  |       |       |     3 |     3 |     6 |     4 |     2 |       |    18 ||    36
         Receive Forbidden |       |       |       |       |     1 |       |       |       |       ||     1
         Torment           |       |       |       |       |       |       |       |     2 |       ||     2
  Evoke: Wand              |       |       |       |     9 |    14 |     1 |     6 |     5 |    18 ||    53
         Phantom mirror    |       |       |       |     1 |     1 |       |       |       |     2 ||     4
         Lightning rod     |       |       |       |     1 |     1 |       |       |     3 |       ||     5
         Phial of floods   |       |       |       |       |     1 |       |       |       |       ||     1
         Tin of tremorston |       |       |       |       |       |       |     2 |       |     2 ||     4
         Sack of spiders   |       |       |       |       |       |       |       |       |     1 ||     1
    Use: Scroll            |       |     4 |     9 |     4 |    23 |     6 |    12 |    19 |    10 ||    87
         Potion            |       |       |       |     2 |     1 |     1 |       |     5 |     3 ||    12
   Stab: Sleeping          |       |     1 |     4 |     6 |     3 |     2 |     1 |       |       ||    17
         Paralysed         |       |       |     1 |       |       |       |       |       |     2 ||     3
         Distracted        |       |       |       |     4 |    16 |    15 |    15 |    26 |    20 ||    96
 Armour: Robe              |     9 |     6 |    22 |       |       |       |       |       |       ||    37
         Ring mail         |       |       |    23 |   205 |   441 |   353 |   500 |   598 |       ||  2120
         Swamp dragon scal |       |       |       |       |       |       |       |   181 |   650 ||   831
  Dodge: Dodged            |    13 |    18 |    75 |   282 |   384 |   293 |   479 |   641 |   546 ||  2731
  Block: Buckler           |       |       |       |       |   318 |   265 |   561 |   841 |   615 ||  2600
         Reflection        |       |       |       |       |       |       |    57 |    18 |    12 ||    87

Table legend: (Time is in decaauts)
 A = Elapsed time spent in this place.
 B = Non-inter-level travel time spent in this place.
 C = Inter-level travel time spent in this place.
 D = Time resting spent in this place.
 E = Time spent auto-exploring this place.
 F = Levels seen in this place.
 G = Mean time per level.
                   A        B        C        D        E       F      G
               +--------+--------+--------+--------+--------+-----+--------+
         Total |  76064 |  62537 |  13527 |  12900 |  25078 |  52 | 1462.8 |
       Dungeon |  21851 |  17086 |   4765 |   4200 |   5401 |  15 | 1456.7 |
          Lair |   7175 |   5604 |   1571 |    829 |   2036 |   5 | 1435.0 |
         Swamp |   3760 |   3144 |    616 |    288 |   1601 |   4 |  940.0 |
   Spider Nest |   5362 |   4828 |    534 |    544 |   2882 |   4 | 1340.5 |
  Orcish Mines |   3217 |   1600 |   1617 |     83 |    971 |   2 | 1608.5 |
   Elven Halls |   5567 |   4084 |   1483 |   1030 |   1546 |   3 | 1855.7 |
        Vaults |   8544 |   7194 |   1350 |    882 |   3396 |   5 | 1708.8 |
         Crypt |   4677 |   4374 |    303 |   1264 |   1460 |   3 | 1559.0 |
        Depths |   5318 |   4551 |    767 |    764 |   2347 |   4 | 1329.5 |
           Zot |   9323 |   8805 |    518 |   2721 |   3308 |   5 | 1864.6 |
        Wizlab |    842 |    842 |      0 |    126 |      0 |   1 |  842.0 |
      Gauntlet |    423 |    423 |      0 |    167 |    128 |   1 |  423.0 |
               +--------+--------+--------+--------+--------+-----+--------+

Top non-repeatable levels by time:
   Zot:5: 3357 daAuts
    D:14: 2992 daAuts
   Elf:3: 2656 daAuts
   Zot:3: 2235 daAuts
 Crypt:3: 2112 daAuts
Vaults:5: 2065 daAuts
     D:7: 2035 daAuts
  Lair:2: 1992 daAuts
     D:5: 1948 daAuts
Vaults:1: 1914 daAuts
Depths:2: 1787 daAuts
     D:8: 1784 daAuts
   Elf:2: 1751 daAuts
Vaults:3: 1690 daAuts
Vaults:2: 1658 daAuts
